 Dungeon Crawl Stone Soup version bcrawl-1.31.4 (webtiles) character file.

Game seed: 15345726528851919501

342710 rallef the Carver (level 9, -1/81 HPs)
             Began as a Minotaur Berserker on June 16, 2021.
             Was a Priest of Trog.
             Slain by a hippogriff (2 damage)
             ... on level 1 of the Lair of Beasts.
             The game lasted 00:33:35 (4966 turns).

rallef the Carver (Minotaur Berserker)              Turns: 4966, Time: 00:33:36

Health: -1/81      AC: 12    Str: 29    XL:     9   Next: 33%
Magic:  8/8        EV: 18    Int:  5    God:    Trog [***...]
Gold:   232        SH:  2    Dex: 12    Spells: 8/8 levels left

rFire    . . .     SeeInvis .   C - +6 scimitar of Jonkutotyo {slice, rN+}
rCold    . . .     Gourm    .   (no shield)
rNeg     + . .     Faith    .   x - +0 ring mail
rPois    .         Spirit   .   (helmet restricted)
rElec    .         Reflect  .   v - +2 cloak
rCorr    .         Harm     .   (no gloves)
MR       .....                  t - +0 pair of boots
Stlth    +.........             (no amulet)
HPRegen  0.23/turn              z - +4 ring of evasion
MPRegen  0.11/turn              s - +7 ring of strength

@: berserk cooldown, slowed, very slow
A: retaliatory headbutt, horns 2, iridescent scales 1, blink
a: Blink, Berserk, Trog's Hand, Renounce Religion


You were on level 1 of the Lair of Beasts.
You worshipped Trog.
Trog was most pleased with you.
You were near starving.

You visited 2 branches of the dungeon, and saw 8 of its levels.

You collected 484 gold pieces.
You spent 252 gold pieces at shops.

Inventory:

Hand Weapons
 a - a +0 falchion
 q - a +4 quarterstaff of chaos
 C - the +6 scimitar of Jonkutotyo (weapon) {slice, rN+}
   (You bought it in a shop on level 5 of the Dungeon)

   It will always inflict at least some extra damage.
   This minimum extra damage increases with your current reserve of magical
   power.
   It protects you from negative energy.
Missiles
 F - 138 poisoned tomahawks (quivered)
Armour
 b - a +0 animal skin
 c - a +0 cloak
 m - a +1 leather armour
 t - a +0 pair of boots (worn)
 v - a +2 cloak (worn)
 x - a +0 ring mail (worn)
Jewellery
 l - a +3 ring of strength
 s - a +7 ring of strength (right hand)
 u - an uncursed ring of teleportation
 z - a +4 ring of evasion (left hand)
 D - an uncursed ring of positive energy
 E - a +2 ring of dexterity {unknown}
Wands
 w - a wand of digging (1)
Scrolls
 f - 3 scrolls of remove curse
 g - 8 scrolls of teleportation
 i - a scroll of fog
 n - 2 scrolls of blinking
 p - 2 scrolls of magic mapping {unknown}
 y - a scroll of amnesia {unknown}
 B - a scroll of brand weapon {unknown}
Potions
 d - a potion of heal wounds {unknown}
 h - 2 potions of magic
 j - 2 potions of curing
 k - a potion of lignification
 o - a potion of might
 r - a potion of berserk rage {unknown}
 A - 3 potions of agility
Comestibles
 e - 5 rations {!d}


   Skills:
 + Level 8.0 Fighting
 + Level 10.6 Long Blades
 + Level 0.2 Throwing
 + Level 6.3 Armour
 + Level 5.9 Dodging
 + Level 1.6 Stealth


You had 8 spell levels left.
You didn't know any spells.
Your spell library was empty.

Dungeon Overview and Level Annotations

Branches:
Dungeon (7/12)               Lair (1/6) D:7
 Temple: D:4-7

Altars:
Ashenzari
Dithmenos
Gozag
Ru
Uskayaw
Wu Jian
Xom
Zin

Shops:
D:4 :   D:5 =[!(   D:6 *


Innate Abilities, Weirdness & Mutations

You reflexively headbutt those who attack you in melee.
You have a pair of horns on your head.
You are partially covered in iridescent scales. (AC +2)
You can translocate small distances at will.


Message History

The basilisk bites you but does no damage.
The quokka bites you but does no damage.
The bullfrog hits you.
* * * LOW HITPOINT WARNING * * *
The hippogriff barely misses you. The hippogriff completely misses you.
The hippogriff claws you.
* * * LOW HITPOINT WARNING * * *
The basilisk barely misses you.
You are near starving!
You slice the basilisk!!
You kill the basilisk!
Trog accepts your kill. The bullfrog hits you.
* * * LOW HITPOINT WARNING * * *
The quokka misses you. You furiously retaliate!
You headbutt the quokka, but do no damage.
The bullfrog barely misses you. The hippogriff bites you!
* * * LOW HITPOINT WARNING * * *
The hippogriff pecks you.
You die...

...#.≈......... .
...#≈≈≈≈≈≈≈≈....
...#.≈≈≈≈≈≈≈≈≈...
.#.#.≈≈≈≈≈≈≈≈≈≈..
#....≈≈≈≈≈≈≈≈≈≈..
#..≈≈≈≈.<.≈≈≈≈..
#..≈≈≈≈≈≈.≈≈≈≈..
##.r†≈≈≈≈≈≈≈≈≈...
#..@F.≈≈≈≈≈≈≈≈...
........H..≈≈≈≈≈≈....
.####..###.≈..≈≈.#...
.... ...(.#.......
...................
#..........%.. ...
#.............. ..
#.>............. .
..##..........


You could see a hippogriff, a bullfrog and a quokka.

Vanquished Creatures
  A two-headed ogre (D:5)
  An elephant (D:7)
  A hippogriff (D:7)
  A basilisk (Lair:1)
  A crocodile (D:7)
  2 sky beasts
  A necrophage (D:6)
  An ogre (D:6)
  2 phantoms
  3 scorpions
  A howler monkey (D:4)
  A crimson imp (D:4)
  A hound (D:4)
  3 orc wizards
  Crazy Yiuf (D:5)
  An iguana (D:4)
  5 worker ants
  Robin (D:3)
  11 gnolls
  5 adders
  2 shadow imps (D:5)
  2 oozes (D:3)
  An adder skeleton (D:4)
  3 worms
  2 dart slugs
  8 leopard geckos
  8 orcs
  5 giant cockroaches
  15 goblins
  8 hobgoblins
  4 jackals (D:2)
  A quokka (D:3)
  3 bats (D:2)
  9 frilled lizards
  9 kobolds
  A quokka skeleton (D:6)
  4 rats
129 creatures vanquished.

Notes
Turn   | Place    | Note
-------+----------+-------------------------------------------
     0 | D:1      | rallef the Minotaur Berserker began the quest for the Orb.
     0 | D:1      | Reached XP level 1. HP: 19/19 MP: 0/0
   283 | D:1      | Reached skill level 4 in Long Blades
   283 | D:1      | Reached XP level 2. HP: 22/27 MP: 1/1
   599 | D:2      | Found a faded altar of an unknown god.
   638 | D:2      | Reached XP level 3. HP: 24/33 MP: 2/2
   809 | D:2      | Found a shimmering altar of Xom.
   809 | D:2      | Found a hide-covered altar of Uskayaw.
   809 | D:2      | Found a shattered altar of Ashenzari.
   814 | D:2      | Reached XP level 4. HP: 41/41 MP: 3/3
   844 | D:2      | Reached skill level 5 in Long Blades
   975 | D:2      | Found a transporter.
   978 | D:2      | Noticed a sky beast
  1044 | D:2      | Found a transporter.
  1047 | D:2      | Found a shadowy altar of Dithmenos.
  1047 | D:2      | Found an ornate altar of the Wu Jian Council.
  1050 | D:2      | Reached XP level 5. HP: 47/47 MP: 4/4
  1053 | D:2      | Killed a sky beast
  1054 | D:2      | Reached skill level 5 in Fighting
  1054 | D:2      | Reached skill level 6 in Long Blades
  1129 | D:2      | Reached ** piety under Trog
  1343 | D:2      | Reached XP level 6. HP: 56/56 MP: 5/5
  1759 | D:3      | Noticed Robin
  1773 | D:3      | Killed Robin
  2241 | D:3      | Reached *** piety under Trog
  2514 | D:4      | Reached skill level 7 in Long Blades
  2593 | D:4      | Found Zuluif's Book Shoppe.
  2627 | D:4      | Reached XP level 7. HP: 57/61 MP: 6/6
  3235 | D:5      | Entered Level 5 of the Dungeon
  3239 | D:5      | Noticed a two-headed ogre
  3249 | D:5      | Killed a two-headed ogre
  3250 | D:5      | Reached skill level 9 in Long Blades
  3250 | D:5      | Reached skill level 1 in Stealth
  3250 | D:5      | Reached XP level 8. HP: 69/71 MP: 7/7
  3343 | D:5      | Found Jiugushi's Antique Armour Emporium.
  3459 | D:5      | Reached skill level 5 in Dodging
  3622 | D:5      | Found a sacrificial altar of Ru.
  3629 | D:5      | Found Nojiutin's Antique Weapon Emporium.
  3635 | D:5      | Found Yceor's Distillery.
  3636 | D:5      | Bought an ichor-stained scimitar for 252 gold pieces
  3637 | D:5      | Identified the +6 scimitar of Jonkutotyo {slice, rN+} (You
                  | bought it in a shop on level 5 of the Dungeon)
  3674 | D:5      | Gained mutation: Your flesh is heat resistant. (rF+)
                  | [potion of mutation]
  3674 | D:5      | Gained mutation: Your mind is acute. (Int +2) [potion of
                  | mutation]
  3674 | D:5      | Gained mutation: You evolve. [potion of mutation]
  3675 | D:5      | Lost mutation: Your mind is acute. (Int +2) [potion of
                  | mutation]
  3675 | D:5      | Lost mutation: You evolve. [potion of mutation]
  3675 | D:5      | Lost mutation: Your flesh is heat resistant. (rF+) [potion
                  | of mutation]
  3675 | D:5      | Gained mutation: Your magical capacity is low. (-10% MP)
                  | [potion of mutation]
  3675 | D:5      | Gained mutation: You evolve. [potion of mutation]
  3676 | D:5      | Lost mutation: Your magical capacity is low. (-10% MP)
                  | [potion of mutation]
  3676 | D:5      | Lost mutation: You evolve. [potion of mutation]
  3676 | D:5      | Gained mutation: You can translocate small distances at
                  | will. [potion of mutation]
  3676 | D:5      | Gained mutation: You are partially covered in iridescent
                  | scales. (AC +2) [potion of mutation]
  3831 | D:5      | Found a runed door.
  3835 | D:5      | Noticed Crazy Yiuf
  3838 | D:5      | Killed Crazy Yiuf
  3839 | D:5      | Reached skill level 5 in Armour
  3868 | D:5      | Found Tagiar's Jewellery Emporium.
  3939 | D:5      | Found a glowing silver altar of Zin.
  3963 | D:5      | Found an opulent altar of Gozag.
  4347 | D:6      | Reached skill level 10 in Long Blades
  4515 | D:6      | Found Puguet's Assorted Antiques.
  4925 | D:7      | Found a staircase to the Lair.
  4925 | D:7      | Noticed a hippogriff
  4925 | D:7      | Noticed an elephant
  4929 | D:7      | Killed an elephant
  4930 | D:7      | Reached XP level 9. HP: 81/81 MP: 8/8
  4952 | Lair:1   | Entered Level 1 of the Lair of Beasts
  4966 | Lair:1   | HP: 1/81 [hippogriff (7)]
  4966 | Lair:1   | Slain by a hippogriff

Skill      XL: |  1  2  3  4  5  6  7  8  9 |
---------------+----------------------------+-----
Long Blades    | 4 5 6 7 9 10 | 10.6
Fighting       | 4 5 6 7 8 |  8.0
Armour         | 3 4 5 6 |  6.3
Dodging        | 3 4 5 |  5.9
Stealth        | 1 |  1.6
Throwing       | |  0.2

Action                   |  1- 3 |  4- 6 |  7- 9 || total
-------------------------+-------+-------+-------++-------
Melee: Falchion          |    36 |   152 |    55 ||   243
       Headbutt          |    11 |    29 |    26 ||    66
       Scimitar          |       |       |    49 ||    49
Throw: Tomahawk          |       |       |     1 ||     1
Invok: Berserk           |     2 |     3 |     2 ||     7
  Use: Scroll            |     4 |     2 |     6 ||    12
       Potion            |       |       |    14 ||    14
  Eat: Ration            |     1 |     3 |     2 ||     6
Armor: Leather armour    |    11 |    33 |     3 ||    47
       Animal skin       |     1 |       |       ||     1
       Ring mail         |       |       |    62 ||    62
Dodge: Dodged            |    23 |    94 |    85 ||   202
Block: Other             |       |     6 |    10 ||    16
